 Dungeon Crawl Stone Soup version 0.26-a0-651-gb41185065b (webtiles) character file.

Game seed: 5040922131761374338

267 gbos the Sneak (level 6, -1/53 HPs)
             Began as a Ghoul Monk on Oct 25, 2020.
             Slain by an orc wizard
             ... wielding a +0 dagger
              (4 damage)
             ... on level 4 of the Dungeon.
             The game lasted 00:05:17 (3923 turns).

gbos the Sneak (Ghoul Monk)                         Turns: 3923, Time: 00:05:18

Health: -1/53      AC:  3    Str: 15    XL:     6   Next: 21%
Magic:  5/5        EV: 13    Int:  7    God:
Gold:   158        SH:  0    Dex: 11    Spells: 5/5 levels left

rFire    . . .     SeeInvis .     - Unarmed
rCold    + . .     Faith    .   (no shield)
rNeg     + + +     Spirit   .   a - +0 robe
rPois    ∞         Reflect  .   q - +0 helmet
rElec    .         Harm     .   (no cloak)
rCorr    .         Rampage  .   (no gloves)
MR       .....                  (no boots)
Stlth    +++.......             (no amulet)
HPRegen  0.00/turn              (no ring)
MPRegen  0.09/turn              (no ring)

@: no status effects
A: rotting body, claws 1, cold resistance 1, negative energy resistance 3,
inhibited regeneration, torment resistance, unbreathing
a: no special abilities


You were on level 4 of the Dungeon.
You visited 1 branch of the dungeon, and saw 4 of its levels.

You collected 158 gold pieces.


Innate Abilities, Weirdness & Mutations

Your body is rotting away.
You thrive by killing the living.
You are immune to poison.
You have sharp fingernails.
Your flesh is cold resistant. (rC+)
You are immune to negative energy. (rN+++)
You do not regenerate when monsters are visible.
You are immune to unholy pain and torment.
You can survive without breathing.


   Skills:
 + Level 4.4 Fighting
 - Level 4.0 Dodging
 + Level 5.5 Stealth
 - Level 3.2 Unarmed Combat


You had 5 spell levels left.
You didn't know any spells.
Your spell library was empty.

Inventory:

Hand Weapons
 b - a +0 hunting sling
 d - a +0 hunting sling
Missiles
 m - 16 sling bullets
 o - 2 javelins (quivered)
Armour
 a - a +0 robe (worn)
 q - a +0 helmet (worn)
Jewellery
 n - an uncursed ring of protection from magic {unknown}
Wands
 u - a wand of digging (8)
Scrolls
 e - a scroll of amnesia {unknown}
 f - 2 scrolls of enchant armour {unknown}
 g - a scroll of fog {unknown}
 j - a scroll of teleportation {unknown}
 k - 3 scrolls of remove curse {unknown}
 p - a scroll of noise {unknown}
 s - a scroll of immolation {unknown}
 t - a scroll of identify {unknown}
Potions
 c - a potion of magic {unknown}
 h - 3 potions of brilliance {unknown}
 i - a potion of flight {unknown}
 l - a potion of heal wounds {unknown}
 r - a potion of curing {unknown}
 v - a potion of degeneration {unknown}

Dungeon Overview and Level Annotations

Branches:
Dungeon (4/15)
 Temple: D:4-7

Altars:
Kikubaaqudgha
Makhleb
Okawaru
Sif Muna

Annotations:
D:4 Grinder

▒.......▒▒..▒▒..........▒▒
............
▒▒..........▒▒..
▒▒▒▒.......▒
▒▒▒▒▒.......... ▒ ▒...▒▒▒
▒▒▒.▒...▒... ▒▒▒..▒.▒
▒▒..▒▒▒..... ▒......▒
▒▒▒..▒▒▒▒..... ..▒▒.▒▒▒
▒............. .▒▒ ▒
▒▒▒▒..▒▒▒▒▒▒..... .▒
▒oon..▒ .▒▒▒. ▒.....▒▒▒.▒
.....▒ ▒..▒▒... ....
.▒▒▒▒▒ ▒. ▒..!.....>. .▒▒
▒..........▒ .....
▒..........▒ .▒▒▒▒
▒..........▒ ▒▒ ▒........
▒


You could see an orc wizard (fast) and an orc.


Message History

The orc hits you but does no damage.
Unknown command.
You scratch the orc priest.
The orc priest is almost dead.
The orc wizard mumbles some strange words.
The orc wizard blinks!
The orc priest misses you.
You scratch the orc priest.
You kill the orc priest!
The orc hits you with a +0 hand axe.
* * * LOW HITPOINT WARNING * * *
Unknown command.
Items here: )) = ? [ †.
You scratch the orc.
The orc is moderately wounded.
The orc hits you with a +0 hand axe.
* * * LOW HITPOINT WARNING * * *
You closely miss the orc.
The orc is moderately wounded.
The orc hits you with a +0 hand axe.
* * * LOW HITPOINT WARNING * * *
You barely miss the orc.
The orc is moderately wounded.
You scratch the orc wizard.
The orc wizard is moderately wounded.
The orc wizard hits you but does no damage.
You closely miss the orc wizard.
The orc wizard is moderately wounded.
The orc wizard hits you with a +0 dagger.
You die...

Action                   |  1- 3 |  4- 6 || total
-------------------------+-------+-------++-------
Melee: Unarmed           |   118 |   233 ||   351
       Punch             |     4 |     1 ||     5
 Stab: Sleeping          |     3 |     6 ||     9
Armor: Robe              |    40 |    34 ||    74
Dodge: Dodged            |   127 |   159 ||   286

Levels and vault maps discovered:
D:1:      dpeg_arrival_more_subterranean_lakeside_camping, layout_basic,
          minmay_misc_feat_more_columns
D:2:      layout_rooms
D:3:      layout_loops_cross, nicolae_overflow_crystal_walls,
          grunt_temple_overflow_open
D:4:      layout_rooms, uniq_grinder

Notes
Turn   | Place    | Note
-------+----------+-------------------------------------------
     0 | D:1      | gbos the Ghoul Monk began the quest for the Orb.
     0 | D:1      | Reached XP level 1. HP: 19/19 MP: 0/0
   218 | D:1      | Reached XP level 2. HP: 22/26 MP: 1/1
   223 | D:1      | Reached skill level 3 in Dodging
   433 | D:1      | Reached skill level 3 in Stealth
   701 | D:1      | Reached XP level 3. HP: 31/31 MP: 2/2
  1395 | D:2      | HP: 6/31 [worm (5)]
  1769 | D:2      | Reached XP level 4. HP: 14/38 MP: 3/3
  1889 | D:2      | HP: 11/38 [adder (3)]
  2120 | D:2      | Reached skill level 4 in Dodging
  2120 | D:2      | Reached skill level 4 in Stealth
  2193 | D:2      | Reached XP level 5. HP: 45/45 MP: 4/4
  2884 | D:3      | Found an ancient bone altar of Kikubaaqudgha.
  2919 | D:3      | Found a shimmering blue altar of Sif Muna.
  2922 | D:3      | Found a burning altar of Makhleb.
  3154 | D:3      | Found an iron altar of Okawaru.
  3161 | D:3      | Reached skill level 5 in Stealth
  3522 | D:3      | Reached skill level 4 in Fighting
  3631 | D:4      | Noticed Grinder
  3908 | D:4      | HP: 13/46 [orc priest/cursed -3 club (2)]
  3910 | D:4      | Reached XP level 6. HP: 16/52 MP: 5/5
  3916 | D:4      | HP: 11/53 [orc/+0 hand axe (2)]
  3920 | D:4      | HP: 3/53 [orc/+0 hand axe (3)]
  3923 | D:4      | Slain by an orc wizard

Vanquished Creatures
  A scorpion (D:2)
  2 orc priests (D:4)
  5 adders
  3 worms
  3 dart slugs
  5 leopard geckos
  6 orcs (D:4)
  4 giant cockroaches
  6 goblins
  5 hobgoblins
  18 jackals
  7 kobolds
  A quokka (D:3)
  12 bats
  6 frilled lizards
  A jackal skeleton (D:4)
  5 rats
90 creatures vanquished.
